 Dungeon Crawl Stone Soup version 0.32-a0-975-g85d4e5bfdb (webtiles) character file.

Game seed: 7472830553118440036

1452 Autsider the Sneak (level 8, -12/40 HPs)
             Began as a Vine Stalker Enchanter on Apr 19, 2024.
             Shot with an arrow by a centaur (16 damage)
             ... on level 7 of the Dungeon.
             The game lasted 00:16:07 (5415 turns).

Autsider the Sneak (Vine Stalker Enchanter)         Turns: 5415, Time: 00:16:08

Health: -12/40     AC:  4    Str: 10    XL:     8   Next: 75%
Magic:  0/15       EV: 11    Int: 29    God:
Gold:   58         SH:  4    Dex: 16    Spells: 7/15 levels left

rFire   . . .        z - +2 dagger (drain)
rCold   + . .        h - +0 buckler
rNeg    . . .        D - +0 leather armour {rC+}
rPois   .            (no helmet)
rElec   .            E - +0 cloak
rCorr   .            (no gloves)
SInv    .            (no boots)
Will    +....        (no amulet)
Stlth   +++          o - +6 ring of intelligence
HPRegen 1.06/turn    H - +6 ring of intelligence
MPRegen 0.14/turn

%: guardian spirit
@: very slightly contaminated
A: fangs 3, regeneration 1, magic shield, antimagic bite, no potion heal 2
a: no special abilities


You were on level 7 of the Dungeon.
You visited 1 branch of the dungeon, and saw 7 of its levels.

You collected 370 gold pieces.
You spent 312 gold pieces at shops.

Inventory:

Hand Weapons
 a - a +1 dagger
 x - a +0 vampiric short sword
 y - a +1 dagger of venom
 z - a +2 dagger of draining (weapon)
 F - the +7 whip of Unagis {drain, ^Fragile rElec Will++ SInv}
   (You found it on level 5 of the Dungeon)

   rElec:     It insulates you from electricity.
   Will++:    It greatly increases your willpower.
   SInv:      It lets you see invisible.
   ^Fragile:  It will be destroyed if unequipped.
Missiles
 w - 6 atropa-tipped darts (quivered)
Armour
 h - a +0 buckler (worn)
 r - a +1 cloak
 D - a +0 leather armour of cold resistance (worn)
 E - a +0 cloak (worn)
 G - a +0 kite shield
Jewellery
 o - a +6 ring of intelligence (left hand)
 H - a +6 ring of intelligence (right hand)
Wands
 n - a wand of polymorph (2)
 u - a wand of roots (1)
 C - a wand of digging (5)
 M - a wand of mindburst (11)
Scrolls
 f - 3 scrolls of teleportation
 i - 6 scrolls of identify
 k - 3 scrolls of noise {unknown}
 m - 3 scrolls of amnesia {unknown}
 p - a scroll of vulnerability {unknown}
 A - a scroll of poison {unknown}
 I - 2 scrolls of fog {unknown}
 J - a scroll of blinking {unknown}
 L - a scroll of immolation {unknown}
Potions
 b - a potion of lignification {unknown}
 c - 5 potions of invisibility
 d - 3 potions of attraction {unknown}
 e - 4 potions of enlightenment {unknown}
 g - a potion of might {unknown}
 j - 3 potions of cancellation {unknown}
 l - 3 potions of heal wounds {unknown}
 q - a potion of resistance {unknown}
 s - 3 potions of degeneration {unknown}
 t - 2 potions of berserk rage {unknown}
 v - a potion of magic {unknown}
 B - 3 potions of brilliance {unknown}
 K - a potion of curing {unknown}
 N - 2 potions of mutation {unknown}


   Skills:
 + Level 3.1 Fighting
 * Level 3.8 Short Blades
 + Level 1.4 Armour
 + Level 3.2 Dodging
 * Level 6.4 Stealth
 + Level 2.6 Shields
 + Level 4.0 Spellcasting
 + Level 4.5 Hexes
 - Level 3.0 Ice Magic


You had 7 spell levels left.
You knew the following spells:

 Your Spells              Type           Power      Damage    Failure   Level
a - Ensorcelled Hibernat  Hex/Ice        54%        N/A       4%          2
b - Tukima's Dance        Hex            32%        N/A       6%          3
A - Confusing Touch       Hex            32%        N/A       6%          3

Your spell library contained the following spells:

 Spells                   Type           Power      Damage    Failure   Level
 Freeze                   Ice            92%        1d9       4%          1
 Necrotise                Necr           20%        1d5       14%         1
 Sandblast                Erth           10%        2d5       14%         1
 Dazzling Flash           Conj/Hex       38%        N/A       16%         3
 Hailstorm                Conj/Ice       14%        3d6       22%         3
 Summon Ice Beast         Ice/Summ       14%        N/A       22%         3
 Vampiric Draining        Necr           5%         2d6       38%         3
 Martyr's Knell           Necr/Summ      5%         N/A       80%         4
 Curse of Agony           Necr           5%         N/A       98%         5
 Permafrost Eruption      Ice/Erth       7%         2x4d3     100%        6
 Sculpt Simulacrum        Ice/Alch       7%         N/A       100%        6


Dungeon Overview and Level Annotations

Branches:
Dungeon (7/15)
 Temple: D:4-7

Altars:
Beogh

Shops:
D:1 *   D:5 *[?   D:6 [


Innate Abilities, Weirdness & Mutations

You have razor-sharp teeth.
Your natural rate of healing is unusually fast.
When hurt, damage is shared between your health and your magic reserves.
Your bite disrupts and absorbs the magic of your enemies.
Potions cannot restore your health.


Message History

Casting: Ensorcelled Hibernation (safe; 4% risk of failure)
Confirm with . or Enter, or press ? or * to list all spells.
Aiming: Tukima's Dance (dangerous; 6% risk of failure)
Press: ? - help, Shift-Dir - straight line, f - centaur
Aim: a centaur, wielding a +0 orcbow (chance to affect: 62%)
The centaur resists with significant effort.
The centaur shoots an arrow.
The arrow hits you.
The centaur shoots an arrow.
The arrow hits you!
Casting: Tukima's Dance (dangerous; 6% risk of failure)
Confirm with . or Enter, or press ? or * to list all spells.
Aiming: Tukima's Dance (dangerous; 6% risk of failure)
Press: ? - help, Shift-Dir - straight line, f/p - centaur
Aim: a centaur, wielding a +0 orcbow (chance to affect: 62%)
You miscast Tukima's Dance.
You are very lightly contaminated with residual magic.
Nothing appears to happen.
The orc warrior hits you from afar with a +0 trident!
* * * LOW HITPOINT WARNING * * *
Casting: Tukima's Dance (dangerous; 6% risk of failure)
Confirm with . or Enter, or press ? or * to list all spells.
Aiming: Tukima's Dance (dangerous; 6% risk of failure)
Press: ? - help, Shift-Dir - straight line, f/p - centaur
Aim: a centaur, wielding a +0 orcbow (chance to affect: 62%)
The centaur resists with significant effort.
The centaur shoots an arrow.
The arrow barely misses you.
The orc warrior hits you from afar with a +0 trident!
* * * LOW HITPOINT WARNING * * *
The centaur shoots an arrow.
You block the arrow.
The centaur shoots an arrow.
The arrow misses you.
The orc warrior hits you from afar with a +0 trident!
* * * LOW HITPOINT WARNING * * *
Casting: Tukima's Dance (dangerous; 6% risk of failure)
Confirm with . or Enter, or press ? or * to list all spells.
You don't have enough magic to cast this spell.
Okay, then.
Casting: Tukima's Dance (dangerous; 6% risk of failure)
Confirm with . or Enter, or press ? or * to list all spells.
You don't have enough magic to cast this spell.
The centaur shoots an arrow.
The arrow hits you!
You die...

..#......##.######
......(..........#
################.####
#....# #....# #....#
#....# #....# ♣#@...#
# ♣.....#
....♣♣♣.....+
♣..oc....# ♣♣♣.#....#
...#....# ♣.♣♣♣#....+
♣ #....# ......


You could see an orc warrior and a centaur.

Vanquished Creatures
  Eustachio (D:4)
  Edmund (D:4)
  A water moccasin (D:6)
  An ice beast (D:6)
  A phantom (D:6)
  A bullfrog (D:7)
  3 scorpions
  2 howler monkeys
  3 bombardier beetles
  Crazy Yiuf (D:2)
  2 orc priests
  A hound (D:4)
  Jessica (D:2)
  2 iguanas
  A sleepcap (D:5)
  Ijyb (D:3)
  3 orc wizards
  5 adders
  A gnoll (D:5)
  2 white imps
  2 dart slugs
  2 ribbon worms
  18 orcs
  2 ball pythons
  5 endoplasms
  3 giant cockroaches
  2 goblins (D:3)
  5 hobgoblins
  5 kobolds
  2 quokkas (D:4)
  6 bats
  3 frilled lizards (D:1)
  7 rats
96 creatures vanquished.

Vanquished Creatures (collateral kills)
  2 orc wizards
  2 orcs
4 creatures vanquished.

Vanquished Creatures (others)
  2 dancing weapons (D:3)
2 creatures vanquished.

Grand Total: 102 creatures vanquished

Notes
Turn   | Place    | Note
-------+----------+-------------------------------------------
     0 | D:1      | Autsider the Vine Stalker Enchanter began the quest for the
                  | Orb.
     0 | D:1      | Reached XP level 1. HP: 9/9 MP: 4/4
    59 | D:1      | Found Sacyb's Assorted Antiques.
   201 | D:1      | Reached skill level 1 in Short Blades
   293 | D:1      | Reached XP level 2. HP: 14/14 MP: 6/6
   822 | D:1      | Bought a scroll labelled OTSYISK HITRU for 25 gold pieces
   822 | D:1      | Bought a grey potion for 22 gold pieces
   822 | D:1      | Bought a scroll labelled GELU WASHRI for 25 gold pieces
   863 | D:2      | Learned a level 2 spell: Ensorcelled Hibernation
  1043 | D:2      | Reached XP level 3. HP: 17/17 MP: 7/7
  1125 | D:2      | Noticed Jessica
  1130 | D:2      | Killed Jessica
  1131 | D:2      | Reached skill level 1 in Fighting
  1131 | D:2      | Reached skill level 4 in Stealth
  1131 | D:2      | Reached skill level 1 in Ice Magic
  1176 | D:2      | Learned a level 3 spell: Tukima's Dance
  1311 | D:2      | Reached XP level 4. HP: 22/22 MP: 3/8
  1743 | D:2      | Found a runed translucent door.
  1744 | D:2      | Noticed Crazy Yiuf
  1752 | D:2      | Killed Crazy Yiuf
  1856 | D:1      | Bought 2 black potions for 45 gold pieces
  1928 | D:3      | Noticed Ijyb
  1949 | D:3      | Killed Ijyb
  1950 | D:3      | Reached XP level 5. HP: 19/25 MP: 2/10
  2334 | D:3      | Found a roughly hewn altar of Beogh.
  2341 | D:3      | Reached XP level 6. HP: 30/30 MP: 5/11
  2350 | D:3      | HP: 1/30 [orc priest/divine providence (10)]
  2523 | D:3      | Reached skill level 1 in Shields
  3425 | D:4      | Noticed Edmund
  3512 | D:4      | Learned a level 3 spell: Confusing Touch
  3517 | D:4      | Reached XP level 7. HP: 35/35 MP: 9/12
  3562 | D:4      | Reached skill level 5 in Stealth
  3627 | D:4      | Noticed Eustachio
  3650 | D:4      | Killed Eustachio
  3724 | D:4      | Killed Edmund
  3778 | D:5      | Entered Level 5 of the Dungeon
  3802 | D:5      | Identified the +7 whip of Unagis {drain, ^Fragile rElec
                  | Will++ SInv}
  3907 | D:5      | Found Seranwish's Assorted Antiques.
  3918 | D:5      | Bought a bubbling grey potion for 15 gold pieces
  3918 | D:5      | Bought 2 scrolls labelled MITWUDOPOA for 34 gold pieces
  3918 | D:5      | Bought a scroll labelled HIATASMOBA for 17 gold pieces
  3918 | D:5      | Bought a black potion for 15 gold pieces
  3918 | D:5      | Bought a purple potion for 15 gold pieces
  3918 | D:5      | Bought a fuming black potion for 15 gold pieces
  3931 | D:5      | Gained mutation: You have razor-sharp teeth. [Vine Stalker
                  | growth]
  3931 | D:5      | Reached XP level 8. HP: 39/39 MP: 14/14
  3984 | D:5      | Found Kuorhemu's Armour Shoppe.
  4170 | D:5      | Found Cedis's Magic Scroll Boutique.
  4179 | D:5      | Bought a scroll of identify for 24 gold pieces
  4179 | D:5      | Bought a scroll of identify for 24 gold pieces
  4571 | D:5      | Bought a scroll of teleportation for 36 gold pieces
  4609 | D:6      | Found Gibo's Armour Boutique.
  4673 | D:6      | Got First Steps in the Sibylline Practices
  4689 | D:6      | Reached skill level 1 in Armour
  4734 | D:6      | Reached skill level 6 in Stealth
  5413 | D:7      | HP: 2/40 [orc warrior/+0 trident (10)]
  5415 | D:7      | Shot with an arrow by a centaur

Illustrated notes

Levels and vault maps discovered:
D:1:      minmay_arrival_open_corners, layout_basic, serial_shops, shop_coins,
          serial_forest, infiniplex_forest_end_2, infiniplex_forest_clump_long,
          infiniplex_forest_end_1, infiniplex_forest_corner_2,
          infiniplex_forest_end_double, infiniplex_forest_lined_room_3,
          nrook_campfire
D:2:      layout_basic, uniq_jessica, uniq_crazy_yiuf_cottage
D:3:      layout_basic, st_stairs_14, kennysheep_orc_chapel, uniq_ijyb
D:4:      nicolae_cairo_tiling_large, layout_basic, uniq_eustachio, uniq_edmund
D:5:      layout_basic, serial_rivers, chequers_serial_rivers_room_b,
          chequers_serial_rivers_micro_a, chequers_serial_rivers_micro_c,
          chequers_serial_rivers_micro_e, serial_shops,
          nicolae_shop_advertising_works [nicolae_subvault_shop_adworks], shop,
          shop
D:6:      layout_loops_ring, serial_shops, nicolae_shop_tiny_glass
D:7:      nzn_winding_woodlands_small [nzn_winding_woodlands_5x15_parted,
          nzn_winding_woodlands_center_lodge,
          nzn_winding_woodlands_5x15_jagged], layout_gridville,
          okawaru_metal_pillars_3, minmay_temple_entry_wispy, serial_shops, shop

Skill      XL: |  1  2  3  4  5  6  7  8 |
---------------+-------------------------+-----
Short Blades   | 1 2 3 |  3.8
Fighting       | 1 2 3 |  3.1
Stealth        | 4 5 6 |  6.4
Ice Magic      | 1 2 3 |  3.0
Dodging        | 2 3 |  3.2
Spellcasting   | 3 4 |  4.0
Shields        | 1 2 |  2.6
Hexes          | 4 |  4.5
Armour         | 1 |  1.4

Action                     |  1- 3 |  4- 6 |  7- 9 || total
---------------------------+-------+-------+-------++-------
  Melee: Dagger            |    50 |   166 |   115 ||   331
         Bite              |    14 |    55 |    34 ||   103
   Cast: Ensorcelled Hiber |     1 |    14 |     9 ||    24
         Tukima's Dance    |       |     9 |     8 ||    17
         Confusing Touch   |       |       |     2 ||     2
   Stab: Sleeping          |    10 |    10 |    11 ||    31
         Distracted        |       |     1 |       ||     1
 Armour: Robe              |    24 |    74 |    19 ||   117
         Leather armour    |       |       |    38 ||    38
  Dodge: Dodged            |    16 |    72 |    32 ||   120
  Block: Buckler           |       |    26 |    12 ||    38

Table legend: (Time is in decaauts)
 A = Elapsed time spent in this place.
 B = Non-inter-level travel time spent in this place.
 C = Inter-level travel time spent in this place.
 D = Time resting spent in this place.
 E = Time spent auto-exploring this place.
 F = Levels seen in this place.
 G = Mean time per level.
                   A        B        C        D        E       F      G
               +--------+--------+--------+--------+--------+-----+--------+
         Total |   5395 |   4995 |    400 |    245 |   3641 |   7 |  770.7 |
       Dungeon |   5395 |   4995 |    400 |    245 |   3641 |   7 |  770.7 |
               +--------+--------+--------+--------+--------+-----+--------+

Top non-repeatable levels by time:
     D:2: 1119 daAuts
     D:3: 995 daAuts
     D:1: 901 daAuts
     D:5: 807 daAuts
     D:4: 750 daAuts
     D:6: 722 daAuts
     D:7: 99 daAuts
